 Dungeon Sprint DCSS version 0.30.1-4-g462c640d31 (webtiles) character file.

Game seed: 4263919178617098858

3874 Heoruswealwe the Ninja (level 10, -3/51 HPs)
             Began as a Spriggan Artificer on Aug 30, 2023.
             Was an Initiate of Gozag.
             Slain by Sonja
             ... wielding a +0 dagger of distortion
              (4 damage)
             ... in the Dungeon (Sprint I: "Red Sonja").
             The game lasted 00:15:19 (909 turns).

Heoruswealwe the Ninja (Spriggan Artificer)          Turns: 909, Time: 00:15:20

Health: -3/51      AC:  2    Str:  8    XL:     10   Next: 0%
Magic:  11/11      EV: 25    Int: 12    God:    Gozag
Gold:   400        SH:  0    Dex: 21    Spells: 9/9 levels left

rFire   . . .        c - +0 dagger
rCold   . . .        (no shield)
rNeg    . . .        b - +0 robe
rPois   .            (helmet restricted)
rElec   .            (no cloak)
rCorr   .            (gloves unavailable)
SInv    +            (boots unavailable)
Will    +....        (no amulet)
Stlth   ++++++++++   (no ring)
HPRegen 0.28/turn    (no ring)
MPRegen 0.12/turn

%: no teleportation
@: lethally poisoned (-3 -> -10), slowed, quick
A: very small, no large weapons, unfitting armour, see invisible, speed 3
a: Renounce Religion, Potion Petition, Call Merchant, Bribe Branch


You were in the Dungeon.
You worshipped Gozag.
Gozag was aware of your devotion.
You visited 1 branch You collected 459 gold pieces.
You spent 24 gold pieces at shops.
You donated 35 gold pieces to Zin.

Inventory:

Hand Weapons
 a - a +0 club
 c - a +0 dagger (weapon)
Armour
 b - a +0 robe (worn)
Wands
 d - a wand of charming (12)
 l - a wand of digging (8)
Scrolls
 i - a scroll of poison {unknown}
 j - a scroll of magic mapping {unknown}
Potions
 f - a potion of curing
 g - a potion of heal wounds
 h - a potion of haste


   Skills:
 + Level 5.5 Fighting
 + Level 7.2 Short Blades
 + Level 9.3 Dodging
 O Level 27 Stealth
 * Level 10.9 Evocations


You had 9 spell levels left.
You didn't know any spells.
Your spell library was empty.

Dungeon Overview and Level Annotations

Branches:
Dungeon (1/1)

Altars:
Cheibriados
Dithmenos
Elyvilon
Fedhas
Gozag
Hepliaklqana
Kikubaaqudgha
Nemelex Xobeh
Okawaru
Qazlal
Ru
Sif Muna
Trog
Uskayaw
Vehumet
Wu Jian
Yredelemnul
Zin
The Shining One

Shops:
D [*:!(!

Annotations:
D Sonja


Innate Abilities, Weirdness & Mutations

You are very small and have problems with some larger weapons.
You are too small for most types of armour.
You have supernaturally acute eyesight. (SInv)
You cover ground extremely quickly. (Speed+++)


Message History

Sonja hits you with a +0 dagger of distortion.
Sonja closely misses you.
There is an open door here.
Sonja attacks as you move away! Sonja closely misses you. x2
Sonja misses you.
You see here 27 gold pieces.
Sonja attacks as you move away! Sonja completely misses you.
Sonja closely misses you. Sonja completely misses you.
Sonja throws a curare-tipped dart.
The curare-tipped dart closely misses you.
The curare-tipped dart hits the deep troll.
The deep troll is poisoned.
The deep troll convulses.
The deep troll seems to slow down.
The deep troll shouts!
You see here 27 gold pieces.
Sonja misses you. Sonja completely misses you. Sonja barely misses you.
Sonja hits you with a +0 dagger of distortion!
* * * LOW HITPOINT WARNING * * *
Space warps around you.
* * * LOW HITPOINT WARNING * * *
Sonja misses you. Sonja hits you but does no damage.
You see here 27 gold pieces.
Unknown command.
You miss Sonja.
Sonja shouts, "Some dancing partner you are!"
Sonja casts a spell.
Sonja blinks!
There is an open door here.
Sonja throws a curare-tipped dart.
The curare-tipped dart hits you.
You are lethally poisoned!
You have difficulty breathing.
* * * LOW HITPOINT WARNING * * *
You feel as though you will be slow longer.
* * * LOW HITPOINT WARNING * * *
You feel very sick. Sonja misses you. Sonja completely misses you.
Sonja misses you. Sonja attacks as you move away! Sonja barely misses you.
Sonja hits you with a +0 dagger of distortion.
You die...
Your body crumbles into a pile of gold.

#..'..#..')†#..+ $$
#.!#####'#####'#
#..####..#...#.#
#..#__####..##.# $$
#..#____K##'#_.+
#⌠⌠#_.∩...'..._# $$
##.#_..__##_.#'#
#..#_____###'#[#$ $
############@####+###
$
#∩........'K..T$$.$$+
###''''####...#######
$ #.......####.##
#........#$#'#$ $
#..#.....#$*$*$ $$
#........#$?!?$
#.....#..#######
#........#


You could see a deep troll (very poisoned, slow), Sonja and 2 ballistomycete
spores.

Vanquished Creatures
  8 shining eyes (D)
  Sigmund (D)
  A yak (D)
  4 floating eyes (D)
  An ogre (D)
  A jelly (D)
  Ijyb (D)
17 creatures vanquished.

Notes
Turn   | Place    | Note
-------+----------+-------------------------------------------
     0 | D        | Heoruswealwe the Spriggan Artificer began the quest for the
                  | Orb.
     0 | D        | Reached XP level 1. HP: 9/9 MP: 2/2
     1 | D        | Noticed Ijyb
    12 | D        | Killed Ijyb
    13 | D        | Reached skill level 9 in Stealth
    13 | D        | Reached XP level 2. HP: 13/14 MP: 3/3
    36 | D        | Noticed an ogre
    40 | D        | Killed an ogre
    41 | D        | Reached skill level 14 in Stealth
    41 | D        | Reached XP level 3. HP: 17/17 MP: 4/4
    41 | D        | Reached XP level 4. HP: 21/21 MP: 5/5
    51 | D        | Noticed Sigmund
    53 | D        | Killed Sigmund
    54 | D        | Reached skill level 18 in Stealth
    54 | D        | Reached XP level 5. HP: 25/25 MP: 6/6
    68 | D        | Found an ornate altar of the Wu Jian Council.
    68 | D        | Found a shimmering blue altar of Sif Muna.
    74 | D        | Reached XP level 6. HP: 29/29 MP: 7/7
    74 | D        | Found a radiant altar of Vehumet.
   101 | D        | Found Neosh's Distillery.
   101 | D        | Found an ancient bone altar of Kikubaaqudgha.
   101 | D        | Found a hazy altar of Hepliaklqana.
   101 | D        | Found a stormy altar of Qazlal.
   101 | D        | Found a hide-covered altar of Uskayaw.
   101 | D        | Found a blossoming altar of Fedhas.
   101 | D        | Found a bloodstained altar of Trog.
   101 | D        | Found an iron altar of Okawaru.
   101 | D        | Found a basalt altar of Yredelemnul.
   101 | D        | Found a glowing golden altar of the Shining One.
   101 | D        | Found a snail-covered altar of Cheibriados.
   101 | D        | Found a sacrificial altar of Ru.
   101 | D        | Found a glowing silver altar of Zin.
   101 | D        | Found a shadowy altar of Dithmenos.
   101 | D        | Found a white marble altar of Elyvilon.
   101 | D        | Noticed a yak
   102 | D        | Found an opulent altar of Gozag.
   118 | D        | Killed a yak
   119 | D        | Reached skill level 21 in Stealth
   130 | D        | Found a sparkling altar of Nemelex Xobeh.
   135 | D        | Became a worshipper of Zin the Law-Giver
   135 | D        | Reached * piety under Zin
   135 | D        | Reached ** piety under Zin
   135 | D        | Reached *** piety under Zin
   135 | D        | Reached **** piety under Zin
   135 | D        | Reached ***** piety under Zin
   135 | D        | Reached ****** piety under Zin
   145 | D        | Noticed Sonja
   152 | D        | Found Qulauq's Antique Armour Boutique.
   162 | D        | Noticed a floating eye
   162 | D        | Noticed a shining eye
   162 | D        | Noticed a shining eye
   162 | D        | Noticed a floating eye
   162 | D        | Noticed a shining eye
   162 | D        | Noticed a shining eye
   162 | D        | Noticed a shining eye
   162 | D        | Noticed a shining eye
   163 | D        | Noticed a floating eye
   164 | D        | Noticed a floating eye
   164 | D        | Noticed a shining eye
   164 | D        | Noticed a shining eye
   166 | D        | Paralysed by a floating eye for 2 turns
   175 | D        | Found Dyotisk's Assorted Antiques.
   175 | D        | Found Aturgh's Weapon Shop.
   175 | D        | Found Qyolenn's Book Emporium.
   175 | D        | Found Ryry's Distillery.
   176 | D        | Paralysed by a floating eye for 4 turns
   185 | D        | Paralysed by a floating eye for 2 turns
   193 | D        | Paralysed by a floating eye for 4 turns
   200 | D        | Paralysed by a floating eye for 3 turns
   204 | D        | Paralysed by a floating eye for 4 turns
   209 | D        | Paralysed by a floating eye for 3 turns
   212 | D        | Killed a floating eye
   213 | D        | Reached skill level 22 in Stealth
   213 | D        | Reached XP level 7. HP: 32/32 MP: 8/8
   214 | D        | Paralysed by a floating eye for 2 turns
   217 | D        | Paralysed by a floating eye for 4 turns
   224 | D        | Paralysed by a floating eye for 4 turns
   230 | D        | Paralysed by a floating eye for 3 turns
   236 | D        | Paralysed by a floating eye for 2 turns
   242 | D        | Paralysed by a floating eye for 2 turns
   249 | D        | Paralysed by a floating eye for 2 turns
   255 | D        | Paralysed by a floating eye for 4 turns
   265 | D        | Paralysed by a floating eye for 3 turns
   280 | D        | Paralysed by a floating eye for 2 turns
   287 | D        | Paralysed by a floating eye for 3 turns
   293 | D        | Paralysed by a floating eye for 3 turns
   302 | D        | Paralysed by a floating eye for 2 turns
   313 | D        | Paralysed by a floating eye for 2 turns
   326 | D        | Paralysed by a floating eye for 3 turns
   331 | D        | Paralysed by a floating eye for 2 turns
   337 | D        | Paralysed by a floating eye for 4 turns
   348 | D        | Paralysed by a floating eye for 3 turns
   357 | D        | Paralysed by a floating eye for 4 turns
   363 | D        | Paralysed by a floating eye for 4 turns
   370 | D        | Paralysed by a floating eye for 4 turns
   383 | D        | Paralysed by a floating eye for 2 turns
   387 | D        | Paralysed by a floating eye for 3 turns
   393 | D        | Paralysed by a floating eye for 3 turns
   400 | D        | Paralysed by a floating eye for 3 turns
   405 | D        | Killed a shining eye
   406 | D        | Reached skill level 25 in Stealth
   406 | D        | Reached XP level 8. HP: 37/37 MP: 9/9
   407 | D        | Bought a +0 dagger for 24 gold pieces
   407 | D        | Paralysed by a floating eye for 3 turns
   416 | D        | Paralysed by a floating eye for 2 turns
   426 | D        | Paralysed by a floating eye for 4 turns
   431 | D        | Paralysed by a floating eye for 4 turns
   441 | D        | Paralysed by a floating eye for 4 turns
   450 | D        | Paralysed by a floating eye for 2 turns
   456 | D        | Reached skill level 26 in Stealth
   551 | D        | Killed a shining eye
   552 | D        | Reached skill level 5 in Dodging
   552 | D        | Reached skill level 5 in Evocations
   646 | D        | Killed a shining eye
   647 | D        | Reached XP level 9. HP: 44/44 MP: 10/10
   654 | D        | Killed a shining eye
   655 | D        | Reached skill level 5 in Short Blades
   689 | D        | Killed a shining eye
   690 | D        | Reached skill level 27 in Stealth
   740 | D        | Killed a shining eye
   780 | D        | Killed a shining eye
   781 | D        | Reached skill level 5 in Fighting
   781 | D        | Reached skill level 10 in Evocations
   837 | D        | Killed a shining eye
   838 | D        | Reached XP level 10. HP: 51/51 MP: 11/11
   880 | D        | Fell from the grace of Zin
   880 | D        | Became a worshipper of Gozag Ym Sagoz the Greedy
   900 | D        | Noticed a deep troll
   908 | D        | HP: 1/51 [poisoned by Sonja (curare-tipped dart)]
   909 | D        | Slain by Sonja

Illustrated notes

Levels and vault maps discovered:
D:        dungeon_sprint_1 [red_sonja_temple_1, red_sonja_temple_small_1]

Skill      XL: |  1  2  3  4  5  6  7  8  9 |
---------------+----------------------------+-----
Stealth        | 9 14 18 22 25 26 27 | 27.0
Fighting       | 3 5 |  5.5
Short Blades   | 4 7 |  7.2
Dodging        | 6 9 |  9.3
Evocations     | 6 10 | 10.9

Action                     |  1- 3 |  4- 6 |  7- 9 | 10-12 || total
---------------------------+-------+-------+-------+-------++-------
  Melee: Club              |       |     9 |   144 |       ||   153
         Punch             |       |       |    15 |       ||    15
         Dagger            |       |       |   382 |     2 ||   384
  Evoke: Wand              |    12 |     9 |       |     3 ||    24
    Use: Scroll            |       |       |     1 |       ||     1
   Stab: Sleeping          |       |     1 |     2 |       ||     3
 Armour: Robe              |       |       |       |     1 ||     1
  Dodge: Dodged            |     3 |     1 |       |    27 ||    31
